NCAA
CINCINNATI BEARCATS @ UCLA BRUINS
05/05/2025
 
TOP OF THE 1ST
Cincinnati Bearcats batting - Pitching for UCLA Bruins : RHP Manuel González
Pitching: RHP Manuel González
Batting: RHB Chris Taylor 0-0: Foul Ball, location: 2F
0-1: Called Strike
0-2: Ball
1-2: Foul Ball, location: 2F
1-2: Strikes out swinging
Batting: SHB Tom Johnson 0-0: Ball
1-0: Ball
2-0: Called Strike
2-1: Foul Ball, location: 2F
2-2: Foul Ball, location: 2F
2-2: Ball
3-2: SINGLE (Groundball, 34D)
Batting: LHB William Foley 0-0: Ball
1-0: Ball
2-0: Fly out, F8 (Flyball, 8LM)
Batting: RHB Bill Russell 0-0: Swinging Strike
0-1: Ball
1-1: Swinging Strike
1-2: Foul Ball, location: 2F
1-2: Ball
2-2: Foul Ball, location: 2F
2-2: Foul Ball, location: 2F
2-2: Ground out 5-3 (Groundball, 5S)
Top of the 1st over - 0 run(s), 1 hit(s), 0 error(s), 1 left on base; Cincinnati 0 - UCLA 0
BOTTOM OF THE 1ST
UCLA Bruins batting - Pitching for Cincinnati Bearcats : RHP David Padilla
Pitching: RHP David Padilla
Batting: RHB Will Walker 0-0: Called Strike
0-1: Swinging Strike
0-2: Ball
1-2: Foul Ball, location: 2F
1-2: Ground out 4-3 (Groundball, 4)
Batting: RHB Kevin Weaver 0-0: Called Strike
0-1: Ball
1-1: Called Strike
1-2: Ball
2-2: Foul Ball, location: 2F
2-2: Strikes out looking
Batting: LHB Simon Collins 0-0: Ground out 1-3 (Groundball, 13)
Bottom of the 1st over - 0 run(s), 0 hit(s), 0 error(s), 0 left on base; Cincinnati 0 - UCLA 0
TOP OF THE 2ND
Cincinnati Bearcats batting - Pitching for UCLA Bruins : RHP Manuel González
Batting: RHB Roberto Villela 0-0: Swinging Strike
0-1: Foul Ball, location: 2F
0-2: Ball
1-2: Strikes out swinging
Batting: RHB Dave Richards 0-0: Called Strike
0-1: Ball
1-1: Ball
2-1: Foul Ball, location: 2F
2-2: Strikes out swinging
Batting: RHB Bradley Burns 0-0: Swinging Strike
0-1: Swinging Strike
0-2: Ball
1-2: Strikes out swinging
Top of the 2nd over - 0 run(s), 0 hit(s), 0 error(s), 0 left on base; Cincinnati 0 - UCLA 0
BOTTOM OF THE 2ND
UCLA Bruins batting - Pitching for Cincinnati Bearcats : RHP David Padilla
Batting: RHB Roberto Rodríguez 0-0: Foul Ball, location: 2F
0-1: Swinging Strike
0-2: Ball
1-2: Strikes out swinging
Batting: RHB José Cisneros 0-0: Ball
1-0: Foul Ball, location: 2F
1-1: Ball
2-1: Ground out U3 (Groundball, 3S)
Batting: RHB Dave Baker 0-0: Called Strike
0-1: Reached on Error, E7 (Flyball, 7M)
Batting: LHB Ernie Russell 0-0: Fly out, F9 (Flyball, 89M)
Bottom of the 2nd over - 0 run(s), 0 hit(s), 1 error(s), 1 left on base; Cincinnati 0 - UCLA 0
TOP OF THE 3RD
Cincinnati Bearcats batting - Pitching for UCLA Bruins : RHP Manuel González
Batting: RHB John Matthews 0-0: Ball
1-0: Swinging Strike
1-1: Ground out 6-3 (Groundball, 6)
Batting: RHB Dave Jackson 0-0: Called Strike
0-1: Called Strike
0-2: Strikes out swinging
Batting: RHB Chris Taylor 0-0: Swinging Strike
0-1: Called Strike
0-2: Ball
1-2: Strikes out looking
Top of the 3rd over - 0 run(s), 0 hit(s), 0 error(s), 0 left on base; Cincinnati 0 - UCLA 0
BOTTOM OF THE 3RD
UCLA Bruins batting - Pitching for Cincinnati Bearcats : RHP David Padilla
Batting: LHB Tim Griffith 0-0: Ball
1-0: Ground out 5-3 (Groundball, 56S)
Batting: RHB Bob Weaver 0-0: Swinging Strike
0-1: Foul Ball, location: 2F
0-2: Strikes out looking
Batting: RHB Will Walker 0-0: Ball
1-0: Called Strike
1-1: Ball
2-1: Foul Ball, location: 2F
2-2: Foul Ball, location: 2F
2-2: Foul Ball, location: 2F
2-2: Strikes out swinging
Bottom of the 3rd over - 0 run(s), 0 hit(s), 0 error(s), 0 left on base; Cincinnati 0 - UCLA 0
TOP OF THE 4TH
Cincinnati Bearcats batting - Pitching for UCLA Bruins : RHP Manuel González
Batting: SHB Tom Johnson 0-0: Ball
1-0: Ball
2-0: Called Strike
2-1: Swinging Strike
2-2: Strikes out swinging
Batting: LHB William Foley 0-0: Called Strike
0-1: SINGLE (Groundball, 34) (infield hit)
Batting: RHB Bill Russell 0-0: Ball
1-0: Reached on Error, E6 (Popup, 6D)
William Foley to second
Batting: RHB Roberto Villela 0-0: Called Strike
0-1: Foul Ball, location: 2F
0-2: Strikes out swinging
Batting: RHB Dave Richards 0-0: Ball
1-0: Foul Ball, location: 2F
1-1: Ball
2-1: Swinging Strike
2-2: Foul Ball, location: 2F
2-2: Strikes out swinging
Top of the 4th over - 0 run(s), 1 hit(s), 1 error(s), 2 left on base; Cincinnati 0 - UCLA 0
BOTTOM OF THE 4TH
UCLA Bruins batting - Pitching for Cincinnati Bearcats : RHP David Padilla
Batting: RHB Kevin Weaver 0-0: Called Strike
0-1: Swinging Strike
0-2: Ball
1-2: Ball
2-2: Strikes out swinging
Batting: LHB Simon Collins 0-0: Called Strike
0-1: Called Strike
0-2: Foul Ball, location: 2F
0-2: Ground out 6-3 (Groundball, 6)
Batting: RHB Roberto Rodríguez 0-0: Swinging Strike
0-1: Called Strike
0-2: Ball
1-2: Ground out 4-3 (Groundball, 4)
Bottom of the 4th over - 0 run(s), 0 hit(s), 0 error(s), 0 left on base; Cincinnati 0 - UCLA 0
TOP OF THE 5TH
Cincinnati Bearcats batting - Pitching for UCLA Bruins : RHP Manuel González
Batting: RHB Bradley Burns 0-0: Ball
1-0: Swinging Strike
1-1: Called Strike
1-2: Strikes out swinging
Batting: RHB John Matthews 0-0: Ground out 5-3 (Groundball, 56)
Batting: RHB Dave Jackson 0-0: Called Strike
0-1: Swinging Strike
0-2: Strikes out swinging
Top of the 5th over - 0 run(s), 0 hit(s), 0 error(s), 0 left on base; Cincinnati 0 - UCLA 0
BOTTOM OF THE 5TH
UCLA Bruins batting - Pitching for Cincinnati Bearcats : RHP David Padilla
Batting: RHB José Cisneros 0-0: Ball
1-0: Ball
2-0: Swinging Strike
2-1: Foul Ball, location: 2F
2-2: Foul Ball, location: 2F
2-2: Foul Ball, location: 2F
2-2: Strikes out swinging
Batting: RHB Dave Baker 0-0: Called Strike
0-1: Ball
1-1: Ball
2-1: Ground out 4-3 (Groundball, 34)
Batting: LHB Ernie Russell 0-0: SOLO HOME RUN (Flyball, 9D), Distance : 351 ft
Batting: LHB Tim Griffith 0-0: Ground out 4-3 (Groundball, 4)
Bottom of the 5th over - 1 run(s), 1 hit(s), 0 error(s), 0 left on base; Cincinnati 0 - UCLA 1
TOP OF THE 6TH
Cincinnati Bearcats batting - Pitching for UCLA Bruins : RHP Manuel González
Batting: RHB Chris Taylor 0-0: Ball
1-0: DOUBLE (Line Drive, 7LS)
Batting: SHB Tom Johnson 0-0: Called Strike
0-1: Foul Ball, location: 2F
0-2: Strikes out looking
Batting: LHB William Foley 0-0: Called Strike
0-1: Ground out 1-3 (Groundball, 13)
Chris Taylor to third
Pitching: RHP Clarence Wood
Batting: RHB Bill Russell 0-0: Swinging Strike
0-1: Ground out 5-3 (Groundball, 56)
Top of the 6th over - 0 run(s), 1 hit(s), 0 error(s), 1 left on base; Cincinnati 0 - UCLA 1
BOTTOM OF THE 6TH
UCLA Bruins batting - Pitching for Cincinnati Bearcats : RHP David Padilla
Batting: RHB Bob Weaver 0-0: Ball
1-0: Called Strike
1-1: Swinging Strike
1-2: Ball
2-2: Strikes out looking
Batting: RHB Will Walker 0-0: Ball
1-0: Foul Ball, location: 2F
1-1: DOUBLE (Groundball, 3L)
Batting: RHB Kevin Weaver 0-0: Swinging Strike
0-1: Ball
1-1: SINGLE (Groundball, 25) (infield hit)
Will Walker to third
Batting: LHB Simon Collins 0-0: Called Strike
0-1: Ball
1-1: Foul Ball, location: 2F
1-2: Foul Ball, location: 2F
1-2: Foul Ball, location: 2F
1-2: Ball
2-2: SINGLE (Line Drive, 4MD)
Will Walker scores
Kevin Weaver to second
Batting: RHB Roberto Rodríguez 0-0: Swinging Strike
0-1: Foul Ball, location: 2F
0-2: Ball
1-2: Strikes out swinging
Pitching: LHP Oscar Trottier
Batting: RHB José Cisneros 0-0: Ball
1-0: Ball
2-0: Ground out 6-3 (Groundball, 6)
Bottom of the 6th over - 1 run(s), 3 hit(s), 0 error(s), 2 left on base; Cincinnati 0 - UCLA 2
TOP OF THE 7TH
Cincinnati Bearcats batting - Pitching for UCLA Bruins : RHP Clarence Wood
Batting: RHB Roberto Villela 0-0: Ball
1-0: Called Strike
1-1: Foul Ball, location: 2F
1-2: Ball
2-2: Strikes out swinging
Batting: RHB Dave Richards 0-0: SINGLE (Line Drive, 7LM)
Batting: RHB Bradley Burns 0-0: Called Strike
0-1: Called Strike
0-2: Ball
1-2: Ball
2-2: Foul Ball, location: 2F
2-2: Foul Ball, location: 2F
2-2: Strikes out swinging
Batting: RHB John Matthews 0-0: Called Strike
0-1: Ball
1-1: Ball
2-1: Foul Ball, location: 2F
2-2: Fly out, F8 (Flyball, 8LM)
Top of the 7th over - 0 run(s), 1 hit(s), 0 error(s), 1 left on base; Cincinnati 0 - UCLA 2
BOTTOM OF THE 7TH
UCLA Bruins batting - Pitching for Cincinnati Bearcats : LHP Oscar Trottier
Batting: RHB Dave Baker 0-0: Foul Ball, location: 2F
0-1: Ball
1-1: Ball
2-1: Ball
3-1: Base on Balls
Batting: LHB Ernie Russell 0-0: Bunt missed!
0-1: Sac Bunt - play at first, batter OUT! 1-4
Dave Baker to second
Batting: LHB Tim Griffith 0-0: Ball
Dave Baker steals 3rd base
1-0: Ball
2-0: Called Strike
2-1: DOUBLE (Line Drive, 89M)
Dave Baker scores
Batting: RHB Bob Weaver 0-0: Ball
1-0: Ball
2-0: Ball
3-0: Base on Balls
Batting: RHB Will Walker 0-0: DOUBLE (Groundball, 5L)
Tim Griffith scores
Bob Weaver to third
Batting: RHB Kevin Weaver 0-0: Called Strike
0-1: SINGLE (Line Drive, 9LS)
Bob Weaver scores
Will Walker to third
Pitching: RHP Chad Clark
Batting: LHB Simon Collins 0-0: Ball
1-0: Ball
2-0: Grounds into double play, 2-4-3 (Groundball, 2R)
Bottom of the 7th over - 3 run(s), 3 hit(s), 0 error(s), 1 left on base; Cincinnati 0 - UCLA 5
TOP OF THE 8TH
Cincinnati Bearcats batting - Pitching for UCLA Bruins : RHP Clarence Wood
Batting: RHB Dave Jackson 0-0: Called Strike
0-1: Ball
1-1: Swinging Strike
1-2: Ball
2-2: Ball
3-2: Base on Balls
Batting: RHB Chris Taylor 0-0: DOUBLE (Line Drive, 78M)
Dave Jackson to third
Batting: SHB Tom Johnson 0-0: Called Strike
0-1: Ball
1-1: Ball
2-1: Foul Ball, location: 2F
2-2: Ball
3-2: Foul Ball, location: 2F
3-2: Base on Balls
Pitching: LHP Shawn Gardner
Batting: LHB William Foley 0-0: Fly out, F7 (Flyball, 7M)
Pitching: RHP Brett Parker
Batting: RHB Bill Russell 0-0: Swinging Strike
0-1: Ball
1-1: Swinging Strike
1-2: Ball
2-2: Foul Ball, location: 2F
2-2: Ball
3-2: Foul Ball, location: 2F
3-2: Strikes out swinging
Batting: RHB Roberto Villela 0-0: Ball
1-0: Foul Ball, location: 2F
1-1: Foul Ball, location: 2F
1-2: Foul Ball, location: 2F
1-2: Ball
2-2: Fly out, F8 (Flyball, 8LM)
Top of the 8th over - 0 run(s), 1 hit(s), 0 error(s), 3 left on base; Cincinnati 0 - UCLA 5
BOTTOM OF THE 8TH
UCLA Bruins batting - Pitching for Cincinnati Bearcats : RHP Chad Clark
Batting: RHB Roberto Rodríguez 0-0: Fly out, F9 (Flyball, 89M)
Batting: RHB José Cisneros 0-0: Foul Ball, location: 2F
0-1: Ground out 5-3 (Groundball, 56)
Batting: RHB Dave Baker 0-0: Ball
1-0: Ball
2-0: Called Strike
2-1: DOUBLE (Line Drive, 78XD)
Batting: LHB Ernie Russell 0-0: Ball
1-0: Ball
Wild Pitch!
Dave Baker to third
2-0: Ball
3-0: Called Strike
3-1: Base on Balls
Batting: LHB Tim Griffith 0-0: Ball
1-0: Foul Ball, location: 2F
1-1: Ball
2-1: SINGLE (Groundball, 6MD)
Dave Baker scores
Ernie Russell to second
Batting: RHB Bob Weaver 0-0: Ball
1-0: Ball
2-0: Foul Ball, location: 2F
2-1: Ball
3-1: Base on Balls
Ernie Russell to third
Tim Griffith to second
Batting: RHB Will Walker 0-0: Foul Ball, location: 2F
0-1: Swinging Strike
0-2: Hit by Pitch
Ernie Russell scores
Tim Griffith to third
Bob Weaver to second
Batting: RHB Kevin Weaver 0-0: Swinging Strike
0-1: SINGLE (Groundball, 4MD)
Tim Griffith scores
Bob Weaver to third
Will Walker to second
Runner from 3rd tries for Home, SAFE, no throw or cutoff
Pitching: LHP Ed Kirkland
Batting: LHB Simon Collins 0-0: Called Strike
0-1: Fly out, F7 (Flyball, 78M)
Bottom of the 8th over - 4 run(s), 3 hit(s), 0 error(s), 2 left on base; Cincinnati 0 - UCLA 9
TOP OF THE 9TH
Cincinnati Bearcats batting - Pitching for UCLA Bruins : RHP Brett Parker
Batting: RHB Dave Richards 0-0: Ball
1-0: Foul Ball, location: 2F
1-1: Called Strike
1-2: Strikes out swinging
Batting: RHB Bradley Burns 0-0: Called Strike
0-1: Called Strike
0-2: Strikes out looking
Batting: RHB John Matthews 0-0: Foul Ball, location: 2F
0-1: Foul Ball, location: 2F
0-2: Ball
1-2: Strikes out swinging
Top of the 9th over - 0 run(s), 0 hit(s), 0 error(s), 0 left on base; Cincinnati 0 - UCLA 9
This league is powered by Out of the Park Baseball, the baseball management simulation game for PC, Mac and Linux
Tuesday, August 2nd, 2016 - OOTP Baseball 16.8 Build 38